 Dungeon Crawl Stone Soup version 0.23-a0-38-g6d804a8 (webtiles) character file.

53 Gergoth the Skirmisher (level 3, 0/37 HPs)
             Began as an Ogre Skald on Aug 5, 2018.
             Succumbed to an adder's poison
             ... on level 2 of the Dungeon.
             The game lasted 00:02:42 (2017 turns).

Gergoth the Skirmisher (Ogre Skald)                 Turns: 2017, Time: 00:02:43

Health: 0/37       AC:  3    Str: 16    XL:     3   Next: 87%
Magic:  4/7        EV: 10    Int: 14    God:
Gold:   54         SH:  0    Dex:  8    Spells: 6/7 levels left

rFire    . . .     SeeInvis .   a - +0 mace
rCold    . . .     Gourm    .   (no shield)
rNeg     . . .     Faith    .   b - +0 robe
rPois    .         Spirit   .   (helmet restricted)
rElec    .         Reflect  .   (no cloak)
rCorr    +         Harm     .   (gloves unavailable)
MR       .....                  (boots unavailable)
Stlth    +.........             (no amulet)
HPRegen  0.12/turn              f - ring of resist corrosion
MPRegen  0.10/turn              (no ring)

@: lethally poisoned (0 -> -13), infused, flying
A: large, unfitting armour, tough skin 1
a: no special abilities


You were on level 2 of the Dungeon.
You were not hungry.

You visited 1 branch of the dungeon, and saw 2 of its levels.

You collected 54 gold pieces.

Inventory:

Hand Weapons
 a - a +0 mace (weapon)
Missiles
 p - a throwing net (quivered)
Armour
 b - a +0 robe (worn)
 l - +0 ice dragon scales
Jewellery
 f - a ring of resist corrosion (left hand)
Scrolls
 g - 2 scrolls of remove curse {unknown}
 j - 3 scrolls of identify {unknown}
 k - a scroll of enchant weapon {unknown}
 m - 2 scrolls of amnesia {unknown}
Potions
 e - a potion of mutation {unknown}
 h - 2 potions of flight
 i - a potion of lignification {unknown}
 n - a potion of might {unknown}
Comestibles
 d - 3 rations


   Skills:
 + Level 3.6 Fighting
 + Level 2.4 Maces & Flails
 - Level 2.4 Dodging
 - Level 2.8 Spellcasting
 - Level 3.0 Charms


You had 6 spell levels left.
You knew the following spells:

 Your Spells              Type           Power        Failure   Level  Hunger
a - Infusion              Chrm           ##..         6%          1    #......

Your spell library contained the following spells:

 Spells                   Type           Power        Failure   Level  Hunger
 Regeneration             Chrm/Necr      #.........   34%         3    ###....
 Shroud of Golubria       Chrm/Tloc      #.........   19%         2    ##.....
 Song of Slaying          Chrm           ##......     10%         2    ##.....
 Spectral Weapon          Hex/Chrm       #.......     34%         3    ###....


Dungeon Overview and Level Annotations

Branches:
Dungeon (2/15)

Altars:


Innate Abilities, Weirdness & Mutations

You are too large for most types of armour.
You have tough skin. (AC +1)


Message History

You begin infusing your attacks with magical energy.
* * * LOW HITPOINT WARNING * * *
You feel sick. The adder barely misses you.
The adder bites you but does no damage.
You barely miss the adder.
* * * LOW HITPOINT WARNING * * *
You feel sick. The adder barely misses you.
You hit the adder.
The adder is heavily wounded.
* * * LOW HITPOINT WARNING * * *
You feel sick. The adder bites you.
* * * LOW HITPOINT WARNING * * *
The adder closely misses you.
You closely miss the adder.
The adder is heavily wounded.
* * * LOW HITPOINT WARNING * * *
You feel sick. The adder closely misses you. The adder barely misses you.
You hit the adder!
You kill the adder!
You die...

#.####.....#... #.# ..
#......... #.. #.#
#.....##... ##
##..##.###.# ...... .#
#######..###
..........# ##...##.#.#
### #...##@..# #..
#.......# #. #.#
#.......# #. #..
#.......### #.######
#........##.###..[....
#........##..........#
.....###...#...........
...... ###.#...........
...... #.#.....<.....


There were no monsters in sight!

Vanquished Creatures
  2 adders (D:2)
  An ooze (D:1)
  A worm (D:2)
  2 dart slugs (D:1)
  A ball python (D:1)
  A giant cockroach (D:1)
  3 goblins (D:1)
  A hobgoblin (D:1)
  4 bats
  A frilled lizard (D:1)
  6 kobolds
  2 rats (D:1)
25 creatures vanquished.

Notes
Turn   | Place    | Note
-------+----------+-------------------------------------------
     0 | D:1      | Gergoth the Ogre Skald began the quest for the Orb.
     0 | D:1      | Reached XP level 1. HP: 22/22 MP: 3/3
     4 | D:1      | Noticed an electric eel
     4 | D:1      | Noticed an electric eel
    51 | D:1      | Reached XP level 2. HP: 6/29 MP: 0/5
   664 | D:1      | Reached XP level 3. HP: 37/37 MP: 7/7
  1114 | D:2      | HP: 1/37 [worm (8)]
  2017 | D:2      | Succumbed to an adder's poison

Vault maps used:
D:1:      arrival_aquarium_b, serial_glass, glass_columns_a, glass_columns_a

Skill      XL: |  1  2  3 |
---------------+----------+-----
Maces & Flails | 2 |  2.4
Fighting       | 3 |  3.6
Charms         | 3 |  3.0
Dodging        | |  2.4
Spellcasting   | |  2.8

Action                   || total
-------------------------++-------
Melee: Mace              ||   114
 Cast: Infusion          ||     6
  Use: Potion            ||     2
  Eat: Ration            ||     1
Armor: Robe              ||    34
Dodge: Dodged            ||    78

Table legend:
 A = Spawn XP
 B = Non-spawn XP
 C = Spawn XP percentage of total XP
 D = Spawn monster count
 E = Non-spawn monster count
 F = Spawn count percentage of total count
 G = Total turns spent on level
                    A         B        C        D         E        F      G
               +---------+---------+-------+---------+---------+-------+---------
         Total |       0 |      76 |   0.0 |       0 |      25 |   0.0 |  2017
               +---------+---------+-------+---------+---------+-------+---------
           D:1 |       0 |      39 |   0.0 |       0 |      18 |   0.0 |  1268
           D:2 |       0 |      37 |   0.0 |       0 |       7 |   0.0 |   749
               +---------+---------+-------+---------+---------+-------+---------
